[Event "Titled Tuesday Blitz November 07 Early 2023"]
[White "UK_23"]
[Black "Kravtsiv, Martyn"]
[BlackFideId "14113147"]
[WhiteElo "2400"]
[BlackElo "2855"]
[Result "0-1"]
[Round "2"]
[TimeControl "180+1"]
[Date "2023.11.07"]
[WhiteClock "0:00:10"]
[BlackClock "0:01:18"]
[Board "140"]

1. e4 d6 2. d4 Nf6 3. Nc3 g6 4. Nf3 c6 5. Be2 Bg7 6. O-O O-O 7. h3 Nbd7 8. Re1 e5 9. dxe5 dxe5 10. Be3 Qc7 11. a4 Rd8 12. Qc1 Nf8 13. Bh6 Ne6 14. Bxg7 Kxg7 15. g3 Nd4 16. Kg2 Be6 17. a5 h6 18. Ng1 c5 19. Nb5 Nxb5 20. Bxb5 c4 21. c3 Rd3 22. Ba4 Rad8 23. Bc2 Rd2 24. Nf3 Bxh3+ 25. Kxh3 Rxf2 26. Qe3 Qc8+ 0-1


[Site "https://www.chess.com"]

[Event "Titled Tuesday Blitz November 07 Early 2023"]
[White "Rustemov, Alexander"]
[Black "LiadCuba"]
[WhiteFideId "4119002"]
[WhiteElo "2834"]
[BlackElo "2399"]
[Result "1-0"]
[Round "2"]
[TimeControl "180+1"]
[Date "2023.11.07"]
[WhiteClock "0:01:02"]
[BlackClock "0:00:00"]
[Board "141"]

1. d4 d5 2. c4 e6 3. Nc3 Nf6 4. Nf3 c5 5. cxd5 Nxd5 6. g3 Nc6 7. Bg2 cxd4 8. Nxd4 Nxd4 9. Qxd4 Nxc3 10. Qxc3 Bd7 11. O-O Rc8 12. Qb3 Bc6 13. Bxc6+ bxc6 14. Be3 c5 15. Rfd1 Qa5 16. Qb7 Qc7 17. Qa6 Qc6 18. Qxc6+ Rxc6 19. Rac1 Be7 20. Rc4 Rb6 21. b3 Ra6 22. Rd2 Ra5 23. Rdc2 O-O 24. Bxc5 Bxc5 25. Rxc5 Ra6 26. Rc7 g6 27. Rd7 e5 28. Kg2 Kg7 29. g4 Kf6 30. Kg3 Ke6 31. Rdc7 1-0


[Site "https://www.chess.com"]

[Event "Titled Tuesday Blitz November 07 Early 2023"]
[White "Cristi_Coca"]
[Black "Dragun, Kamil"]
[BlackFideId "1134167"]
[WhiteElo "2398"]
[BlackElo "2813"]
[Result "1-0"]
[Round "2"]
[TimeControl "180+1"]
[Date "2023.11.07"]
[WhiteClock "0:01:17"]
[BlackClock "0:01:08"]
[Board "142"]

1. e4 e5 2. Nf3 Nc6 3. Bc4 Nf6 4. d3 Bc5 5. c3 d6 6. O-O a6 7. Bb3 Ba7 8. h3 O-O 9. Re1 Be6 10. Bc2 Re8 11. Nbd2 h6 12. Nf1 d5 13. exd5 Bxd5 14. Ng3 Qd7 15. Nh4 Rad8 16. Nhf5 Ne7 17. Rxe5 Nxf5 18. Rxf5 Qe6 19. Bd2 g6 20. Rf4 Bc6 21. d4 Kg7 22. Rh4 g5 23. Nh5+ Nxh5 24. Rxh5 Qe2 25. h4 f6 26. hxg5 fxg5 27. Be3 Qxd1+ 28. Rxd1 Bd5 29. b3 c5 30. dxc5 Bf7 31. Rxd8 Rxd8 32. Rh3 Bg6 33. Bd4+ Kf7 34. Rf3+ 1-0


[Site "https://www.chess.com"]

[Event "Titled Tuesday Blitz November 07 Early 2023"]
[White "Szpar, Milosz"]
[Black "Dmitrenko, Viktor"]
[WhiteFideId "1184989"]
[BlackFideId "14110270"]
[WhiteElo "2799"]
[BlackElo "2391"]
[Result "1-0"]
[Round "2"]
[TimeControl "180+1"]
[Date "2023.11.07"]
[WhiteClock "0:01:42"]
[BlackClock "0:00:00"]
[Board "143"]

1. e4 c5 2. d4 cxd4 3. c3 d5 4. exd5 Nf6 5. Nf3 Nxd5 6. Nxd4 e6 7. g3 Be7 8. Bg2 O-O 9. O-O Bf6 10. Nc2 Nc6 11. Qe2 Nc7 12. Rd1 Qe7 13. Nd2 g6 14. Ne4 Bg7 15. Bg5 f6 16. Be3 Na6 17. b4 f5 18. Nd6 Bxc3 19. b5 Bxa1 20. bxc6 bxc6 21. Nxa1 Rd8 22. Bf4 e5 23. Bxe5 Bd7 24. f4 Nc5 25. Qc4+ Ne6 26. Nb3 Rab8 27. Nc5 Rb2 28. Bxb2 1-0


[Site "https://www.chess.com"]

[Event "Titled Tuesday Blitz November 07 Early 2023"]
[White "FuenfgegenWilly"]
[Black "Socko, Bartosz"]
[BlackFideId "1107038"]
[WhiteElo "2389"]
[BlackElo "2795"]
[Result "1/2-1/2"]
[Round "2"]
[TimeControl "180+1"]
[Date "2023.11.07"]
[WhiteClock "0:00:23"]
[BlackClock "0:00:10"]
[Board "144"]

1. Nf3 d5 2. g3 d4 3. Bg2 c5 4. O-O Nc6 5. c3 e5 6. cxd4 exd4 7. d3 Bd6 8. Na3 Nge7 9. e3 dxe3 10. Bxe3 O-O 11. Rc1 b6 12. Nc4 Bg4 13. h3 Bxf3 14. Bxf3 Rc8 15. Qa4 Bb8 16. Rfd1 Qd7 17. Bg2 Rfd8 18. Qa3 Nd5 19. Bg5 f6 20. Bd2 Nd4 21. Re1 Re8 22. Ne3 Nxe3 23. Bxe3 Kh8 24. Bxd4 Qxd4 25. Qc3 Qa4 26. Qc4 Qxc4 27. dxc4 Be5 28. b3 g5 29. Bd5 Kg7 30. Kg2 h5 31. Re4 f5 32. Re2 Kf6 33. Rce1 f4 34. gxf4 gxf4 35. Kf3 Re7 36. Rg1 Rce8 37. Re4 Bd6 38. Rge1 Rxe4 39. Rxe4 Be5 40. Re1 Re7 41. Rg1 Bd6 42. Be4 Bc7 43. Rg6+ Ke5 44. Rg5+ Kd4 45. Rd5+ Kc3 46. Rxh5 Kb2 47. Rd5 Kxa2 48. Rd3 Be5 49. h4 a5 50. h5 Rg7 51. h6 Rg1 52. h7 Rh1 53. Kg4 Rh2 54. Kf5 Bd4 55. f3 Rxh7 56. Kxf4 Rh2 57. Bc6 Ka3 58. Ke4 Re2+ 59. Kd5 Kb4 60. f4 Bc3 61. Ba4 Re1 62. f5 Re5+ 63. Kc6 Rxf5 64. Kxb6 Rf6+ 65. Kc7 Bd4 66. Kb7 Rf2 67. Kc7 Ra2 68. Kd6 Rxa4 69. bxa4 Kxc4 70. Rd1 Kb4 71. Kd5 Kxa4 72. Kc4 Ka3 73. Rd3+ Kb2 74. Rb3+ Ka2 75. Rb5 a4 76. Ra5 a3 77. Ra4 Kb2 78. Ra8 a2 79. Rb8+ Kc2 80. Ra8 Kb2 81. Rb8+ Kc1 82. Ra8 Kb1 83. Rb8+ Kc2 84. Ra8 Kc1 85. Rxa2 Kd1 86. Ra5 Kc2 87. Rxc5 Bxc5 1/2-1/2


[Site "https://www.chess.com"]

[Event "Titled Tuesday Blitz November 07 Early 2023"]
[White "Nazari, Arad"]
[Black "Slovineanu, Viacheslav"]
[WhiteFideId "12577324"]
[BlackFideId "13900510"]
[WhiteElo "2780"]
[BlackElo "2388"]
[Result "1-0"]
[Round "2"]
[TimeControl "180+1"]
[Date "2023.11.07"]
[WhiteClock "0:00:12"]
[BlackClock "0:00:00"]
[Board "145"]

1. e4 c6 2. Nf3 d5 3. Nc3 dxe4 4. Nxe4 Nf6 5. Qe2 Nxe4 6. Qxe4 Nd7 7. Bc4 Nf6 8. Ne5 e6 9. Qe2 Bd6 10. O-O O-O 11. d4 c5 12. dxc5 Bxc5 13. Bg5 Be7 14. Bd3 Qc7 15. Rfe1 Bd7 16. Rad1 Rad8 17. Bf4 Qc8 18. Qf3 Bc6 19. Nxc6 Qxc6 20. Qxc6 bxc6 21. Be3 Rd7 22. Ba6 Rfd8 23. Rxd7 Rxd7 24. c4 Kf8 25. f3 Bb4 26. Rb1 Ke8 27. a3 Ba5 28. Kf2 Bb6 29. c5 Bc7 30. b4 Nd5 31. g3 Nxe3 32. Kxe3 Be5 33. f4 Bd4+ 34. Kf3 Kd8 35. a4 f5 36. Bc4 e5 37. fxe5 Bxe5 38. b5 Rd4 39. Be6 Rxa4 40. bxc6 Kc7 41. Bd7 Ra3+ 42. Kg2 Ra2+ 43. Kh3 Rb2 44. Re1 Bd4 45. Re7 Bg1 46. Kh4 Rxh2+ 47. Kg5 Be3+ 48. Rxe3 1-0


[Site "https://www.chess.com"]

[Event "Titled Tuesday Blitz November 07 Early 2023"]
[White "Hayrapetyan, Hovik"]
[Black "Juicy_Fork"]
[WhiteFideId "13302639"]
[WhiteElo "2764"]
[BlackElo "2387"]
[Result "1-0"]
[Round "2"]
[TimeControl "180+1"]
[Date "2023.11.07"]
[WhiteClock "0:01:01"]
[BlackClock "0:00:06"]
[Board "146"]

1. d4 Nf6 2. c4 g6 3. Nc3 Bg7 4. Nf3 Kf8 5. g3 d6 6. Bg2 h6 7. e4 Kg8 8. O-O Kh7 9. e5 dxe5 10. dxe5 Qxd1 11. Rxd1 Ng4 12. Nd5 Na6 13. Nxe7 Be6 14. h3 Rhe8 15. Nxg6 fxg6 16. hxg4 Bxg4 17. Bf4 g5 18. Be3 Rf8 19. Nh2 Bxd1 20. Bxb7 Rad8 21. Bxa6 Bxe5 22. Bxa7 Bxb2 23. Rb1 Bd4 24. Bxd4 Rxd4 25. Nf1 Bf3 26. Ne3 Rfd8 27. Bb7 g4 28. Bxf3 gxf3 29. Rb5 Rd2 30. Rf5 Rxa2 31. Rxf3 Rd7 32. Nd5 Kg7 33. Nf4 Ra6 34. Re3 Rc6 35. c5 Kf7 36. Re5 Re7 37. Rh5 Re1+ 38. Kg2 Rc1 39. Rf5+ Kg7 40. Nd3 Rc3 41. Rd5 Kf6 42. f4 Ke6 43. Re5+ Kf6 44. Rd5 Ra6 45. Nf2 Ra5 46. Ne4+ Ke6 47. Re5+ Kd7 48. Nxc3 Ra3 49. Nd5 c6 50. Nf6+ Kd8 51. Re8+ Kc7 52. Re7+ Kd8 53. Re6 Kc7 54. Ne4 Ra2+ 55. Kh3 Ra3 56. Rxh6 Ra4 57. Rh7+ Kd8 58. Ng5 Rc4 59. Nf7+ Ke8 60. Nd6+ Kd8 61. Nxc4 Kc8 62. Nd6+ Kb8 63. Rb7+ Ka8 64. Rb1 Ka7 65. f5 Ka6 66. f6 1-0


[Site "https://www.chess.com"]

[Event "Titled Tuesday Blitz November 07 Early 2023"]
[White "Becerra, Juan David"]
[Black "Hambleton, Aman"]
[WhiteFideId "4404998"]
[BlackFideId "2606577"]
[WhiteElo "2385"]
[BlackElo "2761"]
[Result "0-1"]
[Round "2"]
[TimeControl "180+1"]
[Date "2023.11.07"]
[WhiteClock "0:00:00"]
[BlackClock "0:00:05"]
[Board "147"]

1. d4 e5 2. e3 Nc6 3. d5 Nce7 4. c4 Ng6 5. Nc3 Bb4 6. Qc2 Nf6 7. Bd3 O-O 8. a3 Bxc3+ 9. Qxc3 d6 10. Ne2 a5 11. b4 axb4 12. axb4 Rxa1 13. Qxa1 b5 14. O-O e4 15. Bb1 bxc4 16. Qd4 Re8 17. Qxc4 Ne5 18. Qb3 Bf5 19. Ng3 Bg6 20. Bb2 h5 21. Rc1 h4 22. Bxe5 Rxe5 23. Ne2 h3 24. g3 Nxd5 25. Nf4 Nxf4 26. exf4 Re8 27. Qc4 e3 28. Bxg6 exf2+ 29. Kxf2 d5 30. Bxf7+ Kxf7 31. Qxc7+ Qxc7 32. Rxc7+ Kf6 33. Rc6+ Kf5 34. Kf3 Re6 35. Rc5 Kf6 36. Rxd5 Re1 37. Rd2 Rb1 38. Kg4 Rxb4 39. Rd6+ Ke7 40. Rg6 Kf7 41. Rg5 Kf6 42. Kxh3 Rb2 43. Rh5 g6 44. Rh8 Kg7 45. Rb8 Rxb8 46. Kg4 Kf6 47. h4 Rb5 48. Kh3 Kf5 49. Kg2 Kg4 50. Kh2 Rb2+ 0-1


[Site "https://www.chess.com"]

[Event "Titled Tuesday Blitz November 07 Early 2023"]
[White "Danielyan, Vahe"]
[Black "Semenenko, Dmytry"]
[WhiteFideId "13304828"]
[BlackFideId "14118645"]
[WhiteElo "2726"]
[BlackElo "2384"]
[Result "1-0"]
[Round "2"]
[TimeControl "180+1"]
[Date "2023.11.07"]
[WhiteClock "0:00:05"]
[BlackClock "0:00:15"]
[Board "148"]

1. e4 Nf6 2. e5 Nd5 3. c4 Nb6 4. d4 d6 5. exd6 cxd6 6. Nc3 g6 7. Be3 Bg7 8. Rc1 O-O 9. Be2 Nc6 10. d5 Ne5 11. b3 h5 12. h3 e6 13. f4 Qh4+ 14. Kf1 Ng4 15. Bxg4 hxg4 16. Qxg4 Qxg4 17. hxg4 exd5 18. Nxd5 Nxd5 19. cxd5 Bxg4 20. Nf3 Rfe8 21. Kf2 Rac8 22. Nd2 b5 23. Rxc8 Rxc8 24. Ne4 Rc2+ 25. Kg3 Bd7 26. Rc1 Rxa2 27. Rc7 Bf5 28. Nxd6 Bd3 29. Nxf7 Bf1 30. d6 Rxg2+ 31. Kf3 Rb2 32. d7 Bf6 33. Nd6 Rxb3 34. Rc8+ Kg7 35. Ne8+ Kf7 36. Nxf6 Rd3 37. d8=Q Rxd8 38. Rxd8 Kxf6 39. Bxa7 b4 40. Rb8 b3 41. Bd4+ Kf5 42. Rxb3 1-0


[Site "https://www.chess.com"]

[Event "Titled Tuesday Blitz November 07 Early 2023"]
[White "Martinez Ramirez, Lennis"]
[Black "Dwilewicz, Katarzyna"]
[WhiteFideId "3509079"]
[BlackFideId "1148486"]
[WhiteElo "2721"]
[BlackElo "2383"]
[Result "1-0"]
[Round "2"]
[TimeControl "180+1"]
[Date "2023.11.07"]
[WhiteClock "0:01:19"]
[BlackClock "0:00:11"]
[Board "149"]

1. c4 c5 2. g3 Nc6 3. Bg2 g6 4. Nc3 Bg7 5. a3 e6 6. Rb1 Nge7 7. b4 cxb4 8. axb4 d5 9. cxd5 Nxd5 10. Nxd5 exd5 11. b5 Ne5 12. Ba3 Bf5 13. d3 Qa5+ 14. Bb4 Qxb5 15. Nf3 Nxf3+ 16. Bxf3 Qd7 17. O-O h5 18. h4 f6 19. Qb3 Be6 20. Rfc1 Kf7 21. Rc5 d4 22. Qa3 Bf8 23. Ra5 Bxb4 24. Rxb4 b6 25. Bxa8 Rxa8 26. Rxb6 Rc8 27. Rxa7 Rc1+ 28. Qxc1 Qxa7 29. Qc6 Qa1+ 30. Kh2 Qa2 31. Qc7+ 1-0


[Site "https://www.chess.com"]

[Event "Titled Tuesday Blitz November 07 Early 2023"]
[White "De Silva, L M S T"]
[Black "EvgenyBurmakin"]
[WhiteFideId "9953698"]
[WhiteElo "2709"]
[BlackElo "2382"]
[Result "1-0"]
[Round "2"]
[TimeControl "180+1"]
[Date "2023.11.07"]
[WhiteClock "0:00:39"]
[BlackClock "0:00:00"]
[Board "150"]

1. d4 Nf6 2. c4 g6 3. Qc2 Bg7 4. e4 d6 5. f4 O-O 6. Nf3 c5 7. dxc5 Qa5+ 8. Nbd2 Qxc5 9. Nb3 Qc7 10. Be2 Nc6 11. Bd2 Bd7 12. O-O Rac8 13. Rfc1 Qb6+ 14. c5 dxc5 15. Nxc5 Bg4 16. Be3 Nb4 17. Qc4 Nd7 18. Kf2 Bxf3 19. Kxf3 Nxc5 20. Bxc5 Rxc5 21. Qxc5 Bxb2 22. Rab1 Bxc1 23. Qxc1 Qa5 24. a3 Nc6 25. Qe3 b6 26. Rb5 1-0


[Site "https://www.chess.com"]

[Event "Titled Tuesday Blitz November 07 Early 2023"]
[White "Hasangatin, Ramil"]
[Black "Toczek, Grzegorz"]
[WhiteFideId "4122160"]
[BlackFideId "1106457"]
[WhiteElo "2698"]
[BlackElo "2380"]
[Result "1-0"]
[Round "2"]
[TimeControl "180+1"]
[Date "2023.11.07"]
[WhiteClock "0:01:55"]
[BlackClock "0:00:20"]
[Board "151"]

1. d4 d5 2. Nc3 f5 3. Bg5 Nf6 4. Bxf6 exf6 5. e3 Bb4 6. Bd3 Be6 7. Qf3 Qd7 8. Ne2 Nc6 9. h3 Ne7 10. Nf4 Bf7 11. g4 O-O-O 12. Ke2 Rhe8 13. a3 Bxc3 14. bxc3 Qc6 15. Kd2 Kb8 16. gxf5 g5 17. fxg6 hxg6 18. h4 Rh8 19. a4 g5 20. hxg5 fxg5 21. Ne2 Bg6 22. Ng3 Bxd3 23. cxd3 Rdf8 24. Rxh8 Rxh8 25. Nf5 Ng6 26. Qg4 Qf6 27. Rg1 Nh4 28. e4 dxe4 29. dxe4 Nxf5 30. Qxf5 Qb6 31. Qxg5 Qb2+ 32. Kd3 Qxf2 33. Qg8+ Qf8 34. Qxf8+ Rxf8 35. e5 Kc8 36. d5 Rf4 37. c4 Rh4 38. Rg8+ Kd7 39. Rg7+ Kd8 40. c5 Rxa4 41. e6 b6 42. d6 bxc5 43. Rg8# 1-0


[Site "https://www.chess.com"]

[Event "Titled Tuesday Blitz November 07 Early 2023"]
[White "Starozhilov, Leonid"]
[Black "Cheer_Down"]
[WhiteFideId "14106752"]
[WhiteElo "2694"]
[BlackElo "2375"]
[Result "1/2-1/2"]
[Round "2"]
[TimeControl "180+1"]
[Date "2023.11.07"]
[WhiteClock "0:00:03"]
[BlackClock "0:00:29"]
[Board "152"]

1. e4 e5 2. Nc3 Nf6 3. Nf3 Nc6 4. Bb5 Bc5 5. Bxc6 dxc6 6. h3 Be6 7. d3 Nd7 8. Be3 f6 9. d4 exd4 10. Nxd4 Bxd4 11. Bxd4 c5 12. Be3 b6 13. f4 Qe7 14. Qf3 O-O-O 15. O-O-O Kb8 16. Rd2 f5 17. exf5 Bxf5 18. g4 Be6 19. Rhd1 h6 20. f5 Bf7 21. Bf4 Nf6 22. Nb5 Rxd2 23. Rxd2 Rc8 24. Qc6 Be8 25. Bxc7+ Rxc7 26. Qxc7+ Qxc7 27. Nxc7 Kxc7 28. Re2 Kd8 29. a3 Bc6 30. Kd2 Bf3 31. Re3 Bd5 32. Ke2 Kd7 33. Kf2 a5 34. Kg3 b5 35. h4 b4 36. g5 hxg5 37. hxg5 Ne4+ 38. Kf4 Nd6 39. Rh3 Ke8 40. Rh8+ Ke7 41. Rh7 Kf8 42. f6 Ne8 43. Ke5 Bf7 44. c3 bxa3 45. bxa3 Kg8 46. Rh1 gxf6+ 47. gxf6 Nc7 48. Rb1 a4 49. Rb8+ Ne8 50. Rc8 Kf8 51. Rxc5 Bb3 52. Rc8 Kf7 53. Rc6 Kf8 54. c4 Kf7 55. c5 Bc2 56. Rb6 Bd1 57. Rb7+ Kf8 58. f7 Ng7 59. Kf6 Nh5+ 60. Ke6 Nf4+ 61. Kd6 Bb3 62. c6 Ne6 63. c7 Nxc7 64. Rxc7 Bxf7 65. Ke5 Bb3 66. Kf6 Ke8 67. Ke5 Kd8 68. Kd6 Ke8 69. Rc5 Kd8 70. Rc3 Ke8 71. Rc8+ Kf7 72. Kc7 Ke7 73. Kb6 Kd7 74. Rc7+ Kd6 75. Rc3 Kd5 76. Kb5 Kd6 77. Kb6 Kd5 78. Rc5+ Kd6 79. Kb5 Kd7 80. Rc3 Kd6 81. Kb6 1/2-1/2


[Site "https://www.chess.com"]

[Event "Titled Tuesday Blitz November 07 Early 2023"]
[White "vlajkovicS"]
[Black "Spichkin, Alexander"]
[BlackFideId "4144074"]
[WhiteElo "2690"]
[BlackElo "2370"]
[Result "1-0"]
[Round "2"]
[TimeControl "180+1"]
[Date "2023.11.07"]
[WhiteClock "0:01:33"]
[BlackClock "0:01:16"]
[Board "153"]

1. d4 d6 2. Nf3 c6 3. c4 Nd7 4. Nc3 h6 5. e4 Qa5 6. Be2 g5 7. h3 Bg7 8. a3 Nf8 9. b4 Qc7 10. Be3 Nf6 11. Rc1 g4 12. Nh4 gxh3 13. gxh3 Ne6 14. Nf5 Bf8 15. h4 h5 16. Rg1 d5 17. e5 Ne4 18. cxd5 Nxc3 19. Rxc3 Nd8 20. Ng7+ Bxg7 21. Rxg7 Qd7 22. e6 fxe6 23. Bxh5+ Kf8 24. Rg5 Rh6 25. Rg8+ Kxg8 26. Bxh6 exd5 27. Rg3+ Kh8 28. Bg7+ Kh7 29. Qd3+ Qf5 30. Bg6+ Kxg7 31. Bxf5+ Kf6 32. Bxc8 Rxc8 33. Qf3+ Ke6 34. Qg4+ Kd6 35. Qxc8 Ne6 36. Rg6 1-0


[Site "https://www.chess.com"]

[Event "Titled Tuesday Blitz November 07 Early 2023"]
[White "Mejia, Cherry Ann"]
[Black "Harikrishnan.A.Ra"]
[WhiteFideId "5206880"]
[BlackFideId "5081483"]
[WhiteElo "2370"]
[BlackElo "2684"]
[Result "0-1"]
[Round "2"]
[TimeControl "180+1"]
[Date "2023.11.07"]
[WhiteClock "0:00:00"]
[BlackClock "0:00:27"]
[Board "154"]

1. e4 Nf6 2. e5 Ng8 3. d4 d6 4. exd6 cxd6 5. c4 Nf6 6. Nc3 g6 7. Nf3 Bg7 8. Be3 O-O 9. Rc1 d5 10. h3 Nc6 11. Be2 dxc4 12. Bxc4 b6 13. O-O Bb7 14. Ne5 Rc8 15. Nxc6 Bxc6 16. Ba6 Ra8 17. Qb3 Qd7 18. Rfd1 Nd5 19. Nxd5 Bxd5 20. Bc4 Bb7 21. Bb5 Qd6 22. Qc2 Qd5 23. Bc6 Bxc6 24. Qxc6 Qxa2 25. Qd7 Qxb2 26. Qxe7 a5 27. Qb7 a4 28. Rb1 Qc2 29. Qxb6 a3 30. Rdc1 Qe4 31. Qb3 Bxd4 32. Qc4 Qxb1 33. Rxb1 a2 34. Rd1 Bxe3 35. fxe3 a1=Q 36. Rxa1 Rxa1+ 37. Kh2 Ra7 38. Qd4 Re7 39. Qf4 Rfe8 40. Qf2 Rxe3 41. Qf4 R3e4 42. Qf3 h5 43. Qd3 R4e5 44. Qf3 Rf5 45. Qd3 Re6 46. Qd8+ Kg7 47. Qd4+ Kh7 48. Qd3 Ref6 49. Qe4 Rf2 50. Qe3 R6f5 51. Qd4 Re2 52. Qd3 Rff2 0-1


[Site "https://www.chess.com"]

[Event "Titled Tuesday Blitz November 07 Early 2023"]
[White "Corredor Castellanos, Camilo"]
[Black "Koellner, Ruben Gideon"]
[WhiteFideId "4425871"]
[BlackFideId "12993093"]
[WhiteElo "2367"]
[BlackElo "2683"]
[Result "0-1"]
[Round "2"]
[TimeControl "180+1"]
[Date "2023.11.07"]
[WhiteClock "0:01:51"]
[BlackClock "0:02:43"]
[Board "155"]

1. e4 d6 2. d4 Nf6 3. Nc3 e5 4. Nf3 Nbd7 5. Be3 Be7 6. Qd2 c6 7. O-O-O b5 8. d5 b4 9. dxc6 bxc3 10. cxd7+ Bxd7 11. Qxc3 O-O 12. Bd3 Rc8 13. Qd2 Qc7 14. Kb1 Rb8 15. Ka1 Qb7 16. c3 Nxe4 17. Qc2 Nf6 18. h4 e4 0-1


[Site "https://www.chess.com"]

[Event "Titled Tuesday Blitz November 07 Early 2023"]
[White "Can, Melih Kaan"]
[Black "Mendez Fortes, Eduardo Jesus"]
[WhiteFideId "6317383"]
[BlackFideId "3502376"]
[WhiteElo "2365"]
[BlackElo "2674"]
[Result "1-0"]
[Round "2"]
[TimeControl "180+1"]
[Date "2023.11.07"]
[WhiteClock "0:00:39"]
[BlackClock "0:00:16"]
[Board "156"]

1. e4 c5 2. Nf3 d6 3. c3 Nf6 4. h3 g6 5. Bd3 Bg7 6. Bc2 O-O 7. O-O Nc6 8. d4 cxd4 9. cxd4 d5 10. e5 Ne4 11. Nbd2 Nxd2 12. Bxd2 a6 13. Rc1 Bd7 14. Bb1 e6 15. Bg5 Qb6 16. Qd2 Rac8 17. b3 Rfe8 18. Bh6 Bh8 19. Qf4 Ne7 20. Rcd1 Nf5 21. Bxf5 exf5 22. g4 f6 23. exf6 Bxf6 24. Ne5 Be6 25. Rc1 Qd6 26. Rxc8 Bxc8 27. Nxg6 Qxf4 28. Nxf4 Bxd4 29. g5 Be5 30. Nxd5 Kf7 31. Rc1 f4 32. h4 Be6 33. Nf6 Rd8 34. Nxh7 Rd2 35. h5 Bd4 36. g6+ Ke7 37. Bg5+ Kd7 38. Nf6+ Kd6 39. Ne4+ 1-0


[Site "https://www.chess.com"]

[Event "Titled Tuesday Blitz November 07 Early 2023"]
[White "Adla, Diego"]
[Black "Fajdetic, Hrvoje"]
[WhiteFideId "100072"]
[BlackFideId "14501945"]
[WhiteElo "2670"]
[BlackElo "2360"]
[Result "1-0"]
[Round "2"]
[TimeControl "180+1"]
[Date "2023.11.07"]
[WhiteClock "0:01:13"]
[BlackClock "0:00:00"]
[Board "157"]

1. e4 e6 2. d4 d5 3. Nd2 dxe4 4. Nxe4 Nd7 5. Bd3 Ngf6 6. Qe2 Nxe4 7. Bxe4 Nf6 8. Bxb7 Bxb7 9. Qb5+ Qd7 10. Qxb7 Rc8 11. Nf3 Bd6 12. Ne5 Bxe5 13. dxe5 Nd5 14. O-O O-O 15. Qxa7 Qc6 16. c3 Nb6 17. Qa6 Qe4 18. Qb5 Rfd8 19. Be3 Rd5 20. Qa6 Ra8 21. Qb7 Rxe5 22. Qxe4 Rxe4 23. Bxb6 cxb6 24. Rfd1 Re2 25. Rab1 g5 26. a3 Rc2 27. Kf1 Ra5 28. Rdc1 Rxc1+ 29. Rxc1 Rd5 30. Rc2 Rd1+ 31. Ke2 Rh1 32. h3 Kf8 33. Rd2 Ke7 34. Kf3 h5 35. Rd4 f5 36. Rb4 g4+ 37. hxg4 hxg4+ 38. Kg3 Kf6 39. Rxb6 Kg5 40. f4+ gxf3 41. gxf3 f4+ 42. Kg2 Rb1 43. Rb5+ Kf6 44. Kf2 e5 45. Ke2 Kf5 46. a4 Ra1 47. a5 Ra2 48. c4 Ke6 49. Kd3 1-0


[Site "https://www.chess.com"]

[Event "Titled Tuesday Blitz November 07 Early 2023"]
[White "rikchessmx"]
[Black "Arifarsky"]
[WhiteElo "2358"]
[BlackElo "2667"]
[Result "0-1"]
[Round "2"]
[TimeControl "180+1"]
[Date "2023.11.07"]
[WhiteClock "0:00:00"]
[BlackClock "0:01:10"]
[Board "158"]

1. e4 c5 2. Nf3 Nc6 3. d4 cxd4 4. Nxd4 g6 5. Nxc6 bxc6 6. Qd4 Nf6 7. e5 Nd5 8. e6 f6 9. exd7+ Qxd7 10. Nc3 e5 11. Qd3 Bg7 12. Be2 O-O 13. Ne4 Qf7 14. c4 Nb4 15. Qb3 a5 16. a3 Na6 17. Qa4 Qc7 18. O-O f5 19. Nc3 Nc5 20. Qc2 Ne6 21. Rd1 Nd4 22. Qa4 Bd7 23. c5 Kh8 24. Bf1 Rab8 25. b4 Be6 0-1


[Site "https://www.chess.com"]

[Event "Titled Tuesday Blitz November 07 Early 2023"]
[White "Luxama, Jacques Muller"]
[Black "Perdomo, Leandro"]
[WhiteFideId "11900113"]
[BlackFideId "109746"]
[WhiteElo "2352"]
[BlackElo "2666"]
[Result "0-1"]
[Round "2"]
[TimeControl "180+1"]
[Date "2023.11.07"]
[WhiteClock "0:00:08"]
[BlackClock "0:00:13"]
[Board "159"]

1. e4 e5 2. Nf3 Nc6 3. Bc4 Nf6 4. d3 Be7 5. O-O O-O 6. a4 d6 7. Re1 Na5 8. Ba2 c5 9. Bg5 Nc6 10. Nc3 Nb4 11. Bb3 Be6 12. Bxf6 Bxf6 13. Nd5 Nxd5 14. Bxd5 Bxd5 15. exd5 Bg5 16. a5 f5 17. Ra3 Bh6 18. Rb3 Rf7 19. Qa1 Qd7 20. c4 g5 21. a6 b6 22. Ra3 g4 23. Nh4 Bg5 24. g3 Bxh4 25. gxh4 Qe7 26. b4 cxb4 27. Rb3 Qxh4 28. Rxb4 Rf6 29. d4 Rh6 30. dxe5 Qxh2+ 31. Kf1 Qh1+ 32. Ke2 Qf3+ 33. Kd2 Qxf2+ 34. Re2 Qf4+ 35. Kc2 Rh2 36. Rxh2 Qxh2+ 37. Kb3 Qxe5 38. Qh1 Re8 39. Ka4 Qe7 40. Rb2 Qd7+ 41. Kb4 Qc8 42. Qc1 Qc5+ 43. Ka4 Re3 44. Rb5 Qd4 45. Rb3 f4 46. Rxe3 fxe3 47. Qf1 Qe5 48. Qe2 h5 49. Kb5 g3 50. Kc6 Qg5 51. Qg2 h4 52. Kb7 Qg7+ 53. Kb8 Kh7 54. Qe4+ Kh8 55. Qxh4+ Kg8 56. Qh1 g2 57. Qg1 e2 58. Ka8 e1=Q 59. Qxe1 g1=Q 60. Qe8+ Qf8 61. Qxf8+ Kxf8 62. Kxa7 Qc5 63. Kb7 Qxc4 64. a7 Qxd5+ 65. Kxb6 Qa8 66. Kc7 d5 67. Kd6 d4 68. Ke5 d3 69. Kf4 d2 70. Ke3 d1=Q 71. Kf2 Qdf3+ 72. Kg1 Qg2# 0-1


[Site "https://www.chess.com"]

[Event "Titled Tuesday Blitz November 07 Early 2023"]
[White "Kavyev, Ruslan"]
[Black "secrethawk1"]
[WhiteFideId "34110981"]
[WhiteElo "2634"]
[BlackElo "2352"]
[Result "1-0"]
[Round "2"]
[TimeControl "180+1"]
[Date "2023.11.07"]
[WhiteClock "0:01:57"]
[BlackClock "0:02:08"]
[Board "160"]

1. e4 c5 2. Nf3 e6 3. d4 cxd4 4. Nxd4 a6 5. Bd3 Bc5 6. Nb3 Ba7 7. Nc3 Nc6 8. Qe2 d6 9. Be3 Bxe3 10. Qxe3 Nf6 11. O-O-O b5 12. f4 Qc7 13. Kb1 O-O 14. g4 b4 15. g5 bxc3 16. gxf6 Qd8 17. e5 gxf6 18. Bxh7+ Kh8 19. Qh3 Rg8 20. Rhg1 Rg7 21. Bd3+ Kg8 22. Qh7+ Kf8 23. Qxg7+ 1-0


[Site "https://www.chess.com"]

[Event "Titled Tuesday Blitz November 07 Early 2023"]
[White "Shapiro, Daniel"]
[Black "Kislinsky, Alexey"]
[WhiteFideId "2001780"]
[BlackFideId "14108801"]
[WhiteElo "2349"]
[BlackElo "2633"]
[Result "0-1"]
[Round "2"]
[TimeControl "180+1"]
[Date "2023.11.07"]
[WhiteClock "0:00:00"]
[BlackClock "0:00:17"]
[Board "161"]

1. d4 Nf6 2. c4 c5 3. d5 b5 4. cxb5 a6 5. e3 axb5 6. Bxb5 g6 7. a4 Bg7 8. Nc3 O-O 9. Nf3 e6 10. dxe6 fxe6 11. Qd6 Na6 12. O-O Ne8 13. Qg3 Nec7 14. e4 Bb7 15. Be2 d5 16. exd5 exd5 17. Bg5 Qd7 18. h4 Ne6 19. Bb5 Qf7 20. Rae1 Nac7 21. Bd3 c4 22. Bc2 d4 23. Ne4 Nxg5 24. Nfxg5 Qf4 25. h5 Qxg3 26. fxg3 d3 27. Bd1 Bd4+ 28. Kh2 Rxf1 29. Rxf1 Rf8 30. Rxf8+ Kxf8 31. Nxh7+ Kg7 32. Nhg5 gxh5 33. Bxh5 Bxb2 34. Nc5 Bc6 35. Nge4 c3 36. Nf2 d2 0-1


[Site "https://www.chess.com"]

[Event "Titled Tuesday Blitz November 07 Early 2023"]
[White "Di Nicolantonio, Lucas"]
[Black "Pumpkin_in_moonlight"]
[WhiteFideId "680460"]
[WhiteElo "2624"]
[BlackElo "2348"]
[Result "1-0"]
[Round "2"]
[TimeControl "180+1"]
[Date "2023.11.07"]
[WhiteClock "0:00:10"]
[BlackClock "0:00:01"]
[Board "162"]

1. Nf3 c5 2. e4 Nc6 3. Bc4 e6 4. O-O Bd6 5. c3 Bc7 6. d4 cxd4 7. cxd4 d5 8. exd5 exd5 9. Bb3 Nge7 10. Nc3 O-O 11. h3 h6 12. Re1 Be6 13. a3 Ng6 14. Be3 Nf4 15. Qd2 Na5 16. Ba2 Qf6 17. Nb5 Nxh3+ 18. gxh3 Qxf3 19. Nxc7 Bxh3 20. Bxd5 Qg4+ 21. Kh2 Qh5 22. Qxa5 Bg4+ 23. Kg2 Bf3+ 24. Bxf3 Qxa5 25. Nxa8 Rxa8 26. Rac1 Rd8 27. d5 g5 28. Red1 Qa4 29. d6 g4 30. Bxb7 h5 31. Bc6 Qb3 32. d7 h4 33. Bg5 Qh3+ 34. Kg1 g3 35. Bg2 Qh2+ 36. Kf1 h3 37. Bxd8 Qxg2+ 38. Ke2 Qxf2+ 39. Kd3 h2 40. Bb6 Qf5+ 41. Ke3 Qg5+ 42. Kd4 g2 43. d8=Q+ Qxd8+ 44. Bxd8 g1=Q+ 45. Rxg1+ hxg1=Q+ 46. Rxg1+ Kf8 47. Bf6 1-0


[Site "https://www.chess.com"]